 Dungeon Crawl Stone Soup version 0.31-a0-174-g85c54bcb58 (webtiles) character file.

Game seed: 8430175818231590752

77 qw the Chopper (level 4, -4/30 HPs)
             Began as a Gargoyle Fighter on June 15, 2023.
             Slain by a gnoll
             ... wielding a +0 spear
              (8 damage)
             ... on level 2 of the Dungeon.
             The game lasted 00:00:37 (1050 turns).

qw the Chopper (Gargoyle Fighter)                   Turns: 1050, Time: 00:00:38

Health: -4/30      AC: 10    Str: 21    XL:     4   Next: 34%
Magic:  4/4        EV:  9    Int:  9    God:
Gold:   72         SH:  4    Dex:  9    Spells: 3/3 levels left

rFire   . . .        Y - +2 war axe
rCold   . . .        c - +0 buckler
rNeg    + . .        b - +0 scale mail
rPois   inf          (no helmet)
rElec   +            (no cloak)
rCorr   .            (no gloves)
SInv    .            (no boots)
Will    .....        (no amulet) Stlth
                     (no ring)
HPRegen 0.25/turn    (no ring)
MPRegen 0.09/turn

%: no passive effects
@: no status effects
A: sickness immunity, AC +3, negative energy resistance 1, electricity
resistance, torment resistance 1, petrification resistance, robust 1
a: no special abilities


You were on level 2 of the Dungeon.
You visited 1 branch of the dungeon, and saw 2 of its levels.

You collected 72 gold pieces.


Innate Abilities, Weirdness & Mutations

You are immune to sickness and miasma.
Your stone body is resilient. (AC +3)
You are immune to poison.
You resist negative energy. (rN+)
You are resistant to electric shocks. (rElec)
You are resistant to unholy torment.
You are immune to petrification.
You are robust. (+10% HP)


   Skills:
 - Level 3.2 Fighting
 + Level 3.8 Axes
 - Level 1.0 Throwing
 - Level 3.2 Armour
 - Level 3.2 Shields


You had 3 spell levels left.
You didn't know any spells.
Your spell library was empty.

Inventory:

Hand Weapons
 j - a +0 mace
 Y - a +2 war axe (weapon)
Missiles
 i - 2 javelins (quivered)
 m - 2 boomerangs
Armour
 b - a +0 scale mail (worn)
 c - a +0 buckler (worn)
Potions
 a - a potion of degeneration {unknown}
 d - a potion of might
 e - a potion of enlightenment {unknown}
 l - a potion of ambrosia {unknown}
 n - a potion of heal wounds {unknown}

Dungeon Overview and Level Annotations

Branches:
Dungeon (2/15)

Altars:
Qazlal


Message History

You see here 2 javelins.
1038 ||| Stepping ~*~*~tactically~*~*~ (hiding).
The gnoll closely misses you.
You see here 2 javelins.
You hit the gnoll.
The gnoll is heavily wounded.
The gnoll hits you but does no damage. x2; The gnoll hits you with a +0 halberd.
You slash the gnoll!
You kill the gnoll!
The gnoll barely misses you.
1042 ||| Stepping ~*~*~tactically~*~*~ (hiding).
The gnoll hits you but does no damage.
You see here 2 javelins.
You slash the gnoll!
You kill the gnoll!
You slash the gnoll!
The gnoll is severely wounded.
The gnoll hits you with a +0 whip. The gnoll hits you but does no damage.
The gnoll barely misses you. The gnoll hits you with a +0 whip.
You hit the gnoll.
The gnoll is severely wounded.
The gnoll hits you but does no damage.
The gnoll hits you from afar with a +0 spear.
You hit the gnoll.
The gnoll is severely wounded.
The gnoll closely misses you.
The gnoll hits you from afar with a +0 spear.
You closely miss the gnoll.
The gnoll is severely wounded.
The gnoll closely misses you. The gnoll hits you but does no damage.
The gnoll hits you from afar with a +0 spear!
The gnoll hits you with a +0 whip.
You barely miss the gnoll.
The gnoll is severely wounded.
The gnoll hits you but does no damage. x2
You hit the gnoll but do no damage.
The gnoll is severely wounded.
The gnoll hits you with a +0 whip.
The gnoll hits you from afar with a +0 spear!
You die...

#.##.# ####.##.# .#$ ..
........## .## .# .###.##.##....
.# .# #.##%# .#.# .# .# #.##.#
..# .# .# #(##.# #.# g# #........
.# #.##.####.####g###........ .#
#.........%..@........##.. .#
####.####.##.#####.##.##.# .#
###.####.##.# ##.##.##.##### .#
#>....##.##.# ##...#.##.#.... .#
#.<...##.##.###......##.#.###
.####...........##........%......
..........##.######..)...##.#.###
#####.....##.......#...#.##.#.#
##############..........#.#


You could see 2 gnolls.

Vanquished Creatures
  2 gnolls (D:2)
  2 adders (D:2)
  A dart slug (D:2)
  5 bats
  4 endoplasms
  3 giant cockroaches
  2 goblins
  3 hobgoblins
  5 quokkas
  3 ball pythons
  2 frilled lizards (D:2)
  A kobold (D:1)
  2 rats (D:2)
35 creatures vanquished.

Notes
Turn   | Place    | Note
-------+----------+-------------------------------------------
     0 | D:1      | qw the Gargoyle Fighter began the quest for the Orb.
     0 | D:1      | Reached XP level 1. HP: 14/14 MP: 1/1
     0 | D:1      | 0 ||| qw: Version: 0.2-a-29-g511e9b1
     0 | D:1      | 0 ||| qw: Game counter: 5308
     0 | D:1      | 0 ||| qw: Always use a shield: true
     0 | D:1      | 0 ||| qw: God list: Okawaru
     0 | D:1      | 0 ||| qw: Allow faded altars: false
     0 | D:1      | 0 ||| qw: Do Orc after D:15 true
     0 | D:1      | 0 ||| qw: Do second Lair branch before Depths: true
     0 | D:1      | 0 ||| qw: Lair rune preference: random
     0 | D:1      | 0 ||| qw: Plans: Normal, Zot:1-4, Slime:5, God:TSO, Crypt,
                  | Tomb, Abyss, Pan, Hells, Win
     0 | D:1      | 0 ||| PLANNING D:1-11
   179 | D:1      | Reached XP level 2. HP: 19/19 MP: 2/2
   181 | D:1      | 181 ||| Stepping ~*~*~tactically~*~*~ (stealth).
   540 | D:1      | 540 ||| READING scroll labelled PIVVOI SETO.
   541 | D:1      | 541 ||| READING scroll labelled CYTE BUN ENK.
   546 | D:1      | 546 ||| READING scroll labelled IZOGIORUSU.
   547 | D:1      | 547 ||| READING 2 scrolls labelled XUN IROROJIL.
   548 | D:1      | 548 ||| READING 2 scrolls labelled QYCHADWONO.
   549 | D:1      | 549 ||| READING scroll of enchant weapon.
   549 | D:1      | 549 ||| ENCHANTING +1 war axe.
   550 | D:1      | 550 ||| READING scroll labelled DENWAI WITWIR.
   551 | D:1      | 551 ||| DRINKING 2 green potions.
   551 | D:1      | Gained mutation: You do not regenerate when monsters are
                  | visible. [potion of mutation]
   552 | D:1      | 552 ||| DRINKING potion of mutation.
   552 | D:1      | Lost mutation: You do not regenerate when monsters are
                  | visible. [potion of mutation]
   552 | D:1      | Gained mutation: You are robust. (+10% HP) [potion of
                  | mutation]
   553 | D:1      | 553 ||| DROPPING scroll of revelation.
   560 | D:2      | Found a stormy altar of Qazlal.
   565 | D:2      | Reached skill level 3 in Axes
   565 | D:2      | Reached XP level 3. HP: 25/25 MP: 3/3
   720 | D:2      | 720 ||| Stepping ~*~*~tactically~*~*~ (stealth).
   721 | D:2      | 721 ||| Stepping ~*~*~tactically~*~*~ (stealth).
   767 | D:2      | 767 ||| Stepping ~*~*~tactically~*~*~ (hiding).
   776 | D:2      | Reached skill level 1 in Throwing
  1027 | D:2      | Reached XP level 4. HP: 30/30 MP: 4/4
  1034 | D:2      | 1034 ||| Stepping ~*~*~tactically~*~*~ (hiding).
  1038 | D:2      | 1038 ||| Stepping ~*~*~tactically~*~*~ (hiding).
  1042 | D:2      | 1042 ||| Stepping ~*~*~tactically~*~*~ (hiding).
  1048 | D:2      | HP: 6/30 [gnoll/+0 spear (8)]
  1050 | D:2      | Slain by a gnoll

Levels and vault maps discovered:
D:1:      lemuel_arrival_room, layout_rooms
D:2:      layout_loops_ring, basic_altar, minmay_misc_feat_five,
          item_on_display_a

Skill      XL: |  1  2  3 |
---------------+----------+-----
Axes           | 2 3 |  3.8
Throwing       | 1 |  1.0
Fighting       | |  3.2
Armour         | |  3.2
Shields        | |  3.2

Action                     |  1- 3 |  4- 6 || total
---------------------------+-------+-------++-------
  Melee: War axe           |    83 |     9 ||    92
  Throw: Javelin           |    33 |       ||    33
         Boomerang         |     1 |       ||     1
    Use: Scroll            |     7 |       ||     7
         Potion            |     2 |       ||     2
 Armour: Scale mail        |    58 |     8 ||    66
  Dodge: Dodged            |    66 |     5 ||    71
  Block: Buckler           |    23 |     1 ||    24

Table legend:
 A = Non-vault XP
 B = Vault XP
 C = Vault XP percentage of total XP
 D = Non-vault monster count
 E = Vault monster count
 F = Vault count percentage of total count
                 A         B        C        D         E       F
            +---------+---------+-------+---------+---------+-------
      Total |     111 |       0 |   0.0 |      35 |       0 |   0.0
            +---------+---------+-------+---------+---------+-------
        D:1 |      26 |       0 |   0.0 |      15 |       0 |   0.0
        D:2 |      85 |       0 |   0.0 |      20 |       0 |   0.0
            +---------+---------+-------+---------+---------+-------
